Map: Ruins of Seras

Players

VIPER - Winner!

  • Race: Zerg Zerg
  • League: Gold

Javert

  • Race: Zerg Zerg
  • League: Gold

VOD

Have the link to the VOD?

Description

Time

  • Played on: Sept. 16, 2015, 10:26 p.m.
  • Length: 6:59
Show
View Real Time Build Order
Export as new Build Order

VIPER Zerg - Winner!

Build Orders: Hatch First 

Get SALT Encoding   

  12  0:04  Drone  
  13  0:10  Drone  
  14  0:18  Overlord  
  14  0:25  Extractor  
  14  0:27  Extractor  
  14  0:28  Drone  
  13  0:32  Drone  
  16  0:38  Drone  
  17  0:47  Drone  
  18  1:02  Drone  
  19  1:05  Hatchery  
  18  1:12  Extractor  
  17  1:18  Spawning Pool  
  17  1:21  Drone  
  17  1:24  Drone  
  18  1:34  Overlord  
  18  1:42  Drone  
  19  1:52  Drone  
  20  2:07  Queen  
  20  2:08  Zergling x2  
  23  2:12  Metabolic Boost  
  23  2:16  Drone  
  23  2:17  Queen  
  26  2:25  Drone  
  26  2:26  Drone  
  28  2:30  Drone  
  28  2:36  Drone  
  30  2:42  Queen  
  32  2:47  Drone x2  
  32  2:50  Overlord  
  34  2:58  Drone  
  34  3:07  Zergling x4  
  34  3:10  Spine Crawler  
  35  3:13  Zergling x2  
  35  3:15  Spine Crawler  
  35  3:18  Zergling x2  
  35  3:19  Zergling x4  
  38  3:21  Spine Crawler  
  38  3:25  Zergling x6  
  41  3:27  Zergling x2  
  41  3:29  Zergling x2  
  42  3:38  Zergling x4  
  42  3:52  Zergling x6  
  43  4:04  Lair  
  43  4:06  Hatchery  
  42  4:21  Drone  
  42  4:22  Drone x3  
  43  4:28  Extractor  
  40  4:34  Drone  
  40  4:35  Drone x4  
  40  4:58  Drone  
  40  4:59  Drone x2  
  42  5:01  Zergling x4  
  42  5:06  Spire  
  43  5:07  Extractor  
  43  5:09  Extractor  
  43  5:13  Zergling x4  
  43  5:14  Zergling x2  
  44  5:23  Zergling x10  
  44  5:24  Zergling x2  
  44  5:27  Overlord  
  44  5:28  Overlord  
  50  5:49  Drone  
  52  5:50  Drone x6  
  52  5:51  Drone x2  
  59  5:57  Overlord  
  59  6:07  Drone x2  
  59  6:08  Drone x5  
  66  6:14  Extractor  
  66  6:16  Extractor  
  64  6:23  Overlord  
  64  6:26  Mutalisk x2  
  64  6:27  Mutalisk x3  
  74  6:35  Overlord  
Show
View Real Time Build Order
Export as new Build Order

Javert Zerg 

Build Orders: Pool First 

Get SALT Encoding   

  12  0:01  Drone  
  13  0:13  Overlord  
  13  0:18  Drone  
  14  0:32  Drone x2  
  16  0:36  Drone  
  17  0:47  Spawning Pool  
  17  0:48  Drone  
  17  0:57  Drone  
  18  1:16  Hatchery  
  17  1:23  Drone x2, Extractor  
  18  1:35  Roach Warren  
  17  1:41  Queen  
  19  1:55  Overlord  
  19  2:17  Roach x3  
  19  2:21  Queen  
  27  2:29  Roach  
  29  2:34  Roach  
  31  2:42  Drone x2  
  33  2:53  Drone x3  
  33  2:54  Overlord  
  36  3:03  Overlord  
  36  3:09  Overlord  
  36  3:19  Baneling Nest  
  35  3:20  Drone  
  35  3:21  Drone  
  35  3:25  Drone  
  35  3:26  Drone  
  39  3:28  Drone  
  40  3:37  Drone x3  
  43  3:46  Drone x3  
  42  3:54  Roach  
  42  3:55  Roach  
  40  3:56  Roach  
  40  3:59  Roach  
  44  4:06  Zergling x6  
  47  4:24  Roach x5  
  49  4:28  Baneling  
  48  4:35  Roach  
  43  4:48  Drone x6  
  48  4:54  Drone  
  48  4:57  Drone  
  48  4:58  Drone x2  
  52  5:05  Drone  
  52  5:06  Drone x4  
  57  5:11  Queen  
  59  5:26  Overlord  
  59  5:29  Hatchery  
  59  5:33  Extractor  
  59  5:35  Extractor  
  56  5:36  Lair  
  56  5:38  Drone x3  
  56  5:39  Drone  
  60  5:43  Overlord  
  60  5:44  Overlord  
  60  5:50  Roach x3  
  66  6:08  Drone x2  
  66  6:09  Drone x4  
  72  6:11  Extractor  
  72  6:16  Evolution Chamber  
  72  6:17  Evolution Chamber  
  69  6:23  Roach  
  69  6:24  Roach x2  
  75  6:32  Overlord  
  75  6:33  Overlord  
Tags
 
Add a new tag
Caveats
  • Supply blocks, unpowered buildings, or Contaminate may cause inaccurate times.
  • Supply counts are checked every 10 seconds.